 Dungeon Crawl Stone Soup version 0.29.0 (webtiles) character file.

Game seed: 6561847164827819028

676 GenericMechwarrior the Chopper (level 7, -1/61 HPs)
             Began as a Minotaur Fighter on Sept 11, 2022.
             Slain by a gnoll
             ... wielding a +0 spear
              (3 damage)
             ... on level 5 of the Dungeon.
             The game lasted 00:17:44 (2732 turns).

GenericMechwarrior the Chopper (Minotaur Fighter)   Turns: 2732, Time: 00:17:45

Health: -1/61      AC: 10    Str: 23    XL:     7   Next: 33%
Magic:  6/6        EV: 10    Int:  5    God:
Gold:   133        SH:  4    Dex:  9    Spells: 6/6 levels left

rFire   . . .      SeeInvis .   a - +2 war axe
rCold   . . .      Faith    .   c - +0 buckler
rNeg    . . .      Spirit   .   b - +0 scale mail
rPois   .          Reflect  .   (helmet restricted)
rElec   .          Harm     .   (no cloak)
rCorr   .          Rampage  .   k - +1 pair of gloves
Will    .....                   n - +0 pair of boots
Stlth   ..........              (no amulet)
HPRegen 0.20/turn               (no ring)
MPRegen 0.10/turn               (no ring)

@: mighty
A: horns 2, retaliatory headbutt
a: no special abilities


You were on level 5 of the Dungeon.
You visited 1 branch of the dungeon, and saw 5 of its levels.

You collected 133 gold pieces.

Inventory:

Hand Weapons
 a - a +2 war axe (weapon)
 j - a +0 short sword
Missiles
 l - 36 stones (quivered)
Armour
 b - a +0 scale mail (worn)
 c - a +0 buckler (worn)
 e - a +0 cloak
 k - a +1 pair of gloves (worn)
 n - a +0 pair of boots (worn)
Scrolls
 m - 4 scrolls of identify
Potions
 f - a potion of flight
 g - 3 potions of curing {unknown}
 h - a potion of lignification {unknown}
 o - 2 potions of invisibility {unknown}
 q - 2 potions of heal wounds {unknown}


   Skills:
 + Level 5.3 Fighting
 + Level 6.8 Axes
 + Level 5.4 Armour
 + Level 2.0 Dodging
 + Level 0.2 Stealth
 + Level 5.0 Shields


You had 6 spell levels left.
You didn't know any spells.
Your spell library contained the following spells:

 Spells                   Type           Power      Damage    Failure   Level
 Beastly Appendage        Tmut           0%         N/A       86%         1
 Wereblood                Tmut           0%         N/A       94%         2
 Spider Form              Tmut/Pois      0%         N/A       99%         3


Dungeon Overview and Level Annotations

Branches:
Dungeon (5/15)
 Temple: D:4-7

Altars:
Hepliaklqana

Shops:
D:2 [   D:3 :

Annotations:
D:5 Dowan, Duvessa


Innate Abilities, Weirdness & Mutations

You have a pair of horns on your head.
You reflexively headbutt those who attack you in melee.


Message History

The centaur hits you but does no damage.
The centaur misses you.
You barely miss Duvessa. You slash the centaur! You closely miss Dowan.
Duvessa closely misses you. The centaur closely misses you.
You furiously retaliate!
You headbutt the centaur!
You kill the centaur!
Duvessa hits you with a +0 short sword. Dowan barely misses you.
You furiously retaliate!
You headbutt Dowan!
Your Dodging skill increases to level 2!
You slash Duvessa! You headbutt Duvessa!
Duvessa is severely wounded.
You closely miss Dowan. You hit the iguana. Duvessa closely misses you.
The iguana barely misses you.
Dowan says, "Magic and the sword, together, will defeat you."
Dowan hits you with a +0 dagger.
* * * LOW HITPOINT WARNING * * *
Duvessa misses you.
You barely miss Duvessa.
Duvessa is severely wounded.
You barely miss Dowan. You closely miss the iguana.
Duvessa hits you but does no damage.
The iguana bites you but does no damage.
You block the gnoll's attack.
Dowan points at you and mumbles some strange words.
The puff of frost hits you.
* * * LOW HITPOINT WARNING * * *
Duvessa hits you with a +0 short sword.
* * * LOW HITPOINT WARNING * * *
The iguana barely misses you. Dowan hits you with a +0 dagger.
* * * LOW HITPOINT WARNING * * *
The gnoll misses you.
You hit Duvessa. Your headbutt misses Duvessa.
Duvessa is severely wounded.
You closely miss Dowan. You slash the iguana!
Duvessa hits you with a +0 short sword.
* * * LOW HITPOINT WARNING * * *
You block the iguana's attack.
A gnoll comes into view.
It is wielding a +0 halberd of protection.
The gnoll hits you from afar with a +0 spear.
You die...

... ##.. ... ##<##
##...# #.#..#.##
##.......######### ###
###...###)e........#....
.......).@eg#...........
##.##.####l.............
# #lg............
#......?.......
##...).........
#........(....
#.............
##...g...#....
#####.#######


You could see Duvessa (fast), Dowan, 2 iguanas and 3 gnolls.

Vanquished Creatures
  Sigmund (D:2)
  A centaur (D:5)
  A phantom (D:4)
  A jelly (D:4)
  2 orc priests (D:5)
  A hound (D:5)
  Terence (D:2)
  An orc wizard (D:4)
  Robin (D:2)
  7 adders
  An ufetubus (D:4)
  3 dart slugs
  8 orcs
  8 ball pythons
  5 bats
  4 endoplasms
  8 giant cockroaches
  15 goblins
  15 hobgoblins
  2 jackals (D:4)
  6 quokkas
  2 frilled lizards
  6 kobolds
  5 rats
105 creatures vanquished.

Notes
Turn   | Place    | Note
-------+----------+-------------------------------------------
     0 | D:1      | GenericMechwarrior the Minotaur Fighter began the quest for
                  | the Orb.
     0 | D:1      | Reached XP level 1. HP: 19/19 MP: 0/0
   156 | D:1      | Reached XP level 2. HP: 25/27 MP: 1/1
   557 | D:1      | Found a faded altar of an unknown god.
   598 | D:1      | Reached skill level 3 in Axes
   634 | D:2      | Reached XP level 3. HP: 26/33 MP: 2/2
   733 | D:2      | Noticed Sigmund
   734 | D:2      | Noticed Terence
   741 | D:2      | Killed Terence
   748 | D:2      | Killed Sigmund
   749 | D:2      | Reached skill level 4 in Axes
   749 | D:2      | Reached skill level 1 in Dodging
   749 | D:2      | Reached XP level 4. HP: 27/41 MP: 3/3
   749 | D:2      | Reached XP level 5. HP: 31/47 MP: 4/4
  1008 | D:2      | Found Jiaseo's Antique Armour Boutique.
  1183 | D:2      | Noticed Robin
  1190 | D:2      | Reached skill level 5 in Axes
  1199 | D:2      | Killed Robin
  1200 | D:2      | Reached XP level 6. HP: 44/53 MP: 5/5
  1515 | D:3      | Found Jophyas's Book Boutique.
  1985 | D:3      | Found a hazy altar of Hepliaklqana.
  2365 | D:4      | Reached skill level 5 in Fighting
  2365 | D:4      | Reached skill level 6 in Axes
  2365 | D:4      | Reached skill level 5 in Armour
  2680 | D:5      | Entered Level 5 of the Dungeon
  2692 | D:5      | Reached XP level 7. HP: 61/61 MP: 6/6
  2698 | D:5      | Reached skill level 5 in Shields
  2715 | D:5      | Noticed Duvessa
  2716 | D:5      | Noticed Dowan
  2732 | D:5      | HP: 2/61 [Duvessa/+0 short sword (4)]
  2732 | D:5      | Slain by a gnoll

Illustrated notes

Levels and vault maps discovered:
D:1:      matt_arrival_diagonals, layout_rooms,
          chequers_ecumenical_altar_island, st_stairs_4
D:2:      layout_rooms, serial_shops, nicolae_square_shop, uniq_terence,
          uniq_sigmund, uniq_robin
D:3:      layout_rooms, worldfamousw_hep_ancestral_shrine, serial_shops, shop,
          grunt_ministairs_15, corexii_hall_statues_s,
          kennysheep_decorative_pillar, grunt_decor_one_mirror,
          minmay_liquid_box
D:4:      layout_rooms
D:5:      layout_rooms, uniq_duvessa

Skill      XL: |  1  2  3  4  5  6  7 |
---------------+----------------------+-----
Fighting       | 4 5 |  5.3
Armour         | 4 5 |  5.4
Axes           | 3 4 5 6 |  6.8
Shields        | 4 5 |  5.0
Dodging        | 1 2 |  2.0
Stealth        | |  0.2

Action                   |  1- 3 |  4- 6 |  7- 9 || total
-------------------------+-------+-------+-------++-------
Melee: War axe           |    62 |   128 |     9 ||   199
       Headbutt          |     9 |    19 |     1 ||    29
  Use: Scroll            |     3 |     4 |       ||     7
       Potion            |       |     1 |     1 ||     2
Armor: Scale mail        |    39 |    72 |     9 ||   120
Dodge: Dodged            |    43 |    76 |    18 ||   137
Block: Buckler           |    29 |    26 |     5 ||    60
